 Dungeon Crawl Stone Soup version 0.31-a0-1338-gb567cfdca4 (webtiles) character file.

Game seed: 16784541908197664543

428 croobank the Shooter (level 6, 0/72 HPs)
             Began as a Human Hunter on Dec 22, 2023.
             Was an Initiate of Hepliaklqana.
             Slain by a gnoll sergeant
             ... wielding a +0 spear of venom
              (1 damage)
             ... on level 5 of the Dungeon.
             The game lasted 00:06:56 (2366 turns).

croobank the Shooter (Human Hunter)                 Turns: 2366, Time: 00:06:57

Health: 0/72       AC: 23    Str: 11    XL:     6   Next: 98%
Magic:  7/7        EV:  2    Int: 10    God:    Hepliaklqana [......]
Gold:   307        SH:  0    Dex: 18    Spells: 5/5 levels left

rFire   . . .        b - +0 shortbow
rCold   . . .        (shield currently unavailable)
rNeg    . . .        c - melded +0 leather armour
rPois   +            t - melded +0 helmet
rElec   .            (cloak currently unavailable)
rCorr   .            (gloves currently unavailable)
SInv    .            (boots currently unavailable)
Will    .....        (no amulet)
Stlth   +++          n - ring of poison resistance
HPRegen 1.12/turn    (no ring)
MPRegen 0.10/turn

%: no passive effects
@: mighty, lethally poisoned (0 -> -6), tree-form
A: stationary, stasis, torment immunity, boosted hp, explore regen, regeneration
1
a: Renounce Religion


You were on level 5 of the Dungeon.
You worshipped Hepliaklqana.
Hepliaklqana was noncommittal.
You were a tree.
You visited 2 branches of the dungeon, and saw 6 of its levels.

You collected 307 gold pieces.

Inventory:

Hand Weapons
 a - a +2 short sword of venom
 b - a +0 shortbow (weapon)
 e - a +0 hand axe
 h - a +0 dagger
 l - a +1 rapier of freezing
 o - a +0 trident
Armour
 c - a +0 leather armour (melded)
 t - a +0 helmet (melded)
Jewellery
 n - a ring of poison resistance (left branch)
 p - a ring of positive energy
 u - a ring of magical power
Wands
 q - a wand of iceblast (9)
Scrolls
 d - a scroll of fog {unknown}
 f - 2 scrolls of enchant weapon {unknown}
 i - 2 scrolls of identify {unknown}
 s - 2 scrolls of blinking {unknown}
 v - a scroll of amnesia {unknown}
Potions
 g - 5 potions of brilliance
 j - 2 potions of mutation
 w - a potion of attraction {unknown}


   Skills:
 + Level 3.8 Fighting
 + Level 5.2 Ranged Weapons
 + Level 3.8 Dodging
 + Level 3.6 Stealth
 + Level 1.4 Invocations


You had 5 spell levels left.
You didn't know any spells.
Your spell library contained the following spells:

 Spells                   Type           Power      Damage    Failure   Level
 Magic Dart               Conj           0%         1d3       36%         1
 Blink                    Tloc           0%         N/A       50%         2
 Call Imp                 Summ           0%         N/A       50%         2


Dungeon Overview and Level Annotations

Branches:
Dungeon (5/15)             Temple (1/1) D:4

Altars:
Ashenzari
Cheibriados
Elyvilon
Fedhas
Gozag
Hepliaklqana
Makhleb
Nemelex Xobeh
Okawaru
Qazlal
Ru
Sif Muna
Trog
Uskayaw
Wu Jian
Xom
Zin

Shops:
D:1 :


Innate Abilities, Weirdness & Mutations

You are a tree.
Your roots penetrate the ground, keeping you stationary.
You cannot be teleported.
You are immune to unholy pain and torment.
Your maximum health is greatly increased.
Your equipment is partially melded.
You regain HP and MP as you explore.
Your natural rate of healing is unusually fast.


Message History

Press: ? - help, Q - select action, (/) - cycle Shift-Dir - straight line, f/p - gnoll sergeant
Aim: a gnoll sergeant, wielding a +0 spear of venom and wearing a +0 ring mail (lightly wounded, 71% to hit)
You shoot an arrow.
The arrow hits the gnoll sergeant but does no damage.
The gnoll sergeant is lightly wounded.
You feel sick.
The gnoll sergeant hits you from afar with a +0 spear of venom.
* * * LOW HITPOINT WARNING * * *
The gnoll hits you but does no damage.
The gnoll sergeant hits you but does no damage.
Fire: b) +0 shortbow
Press: ? - help, Q - select action, (/) - cycle Shift-Dir - straight line, f/p - gnoll sergeant
Aim: a gnoll sergeant, wielding a +0 spear of venom and wearing a +0 ring mail (lightly wounded, 71% to hit)
You shoot an arrow.
The arrow completely misses the gnoll sergeant.
The arrow hits the gnoll.
The gnoll is moderately wounded.
You feel sick. The gnoll hits you but does no damage.
The gnoll sergeant hits you but does no damage.
Fire: b) +0 shortbow
Press: ? - help, Q - select action, (/) - cycle Shift-Dir - straight line, f/p - gnoll sergeant
Aim: a gnoll sergeant, wielding a +0 spear of venom and wearing a +0 ring mail (lightly wounded, 71% to hit)
You shoot an arrow.
The arrow barely misses the gnoll sergeant.
The arrow hits the gnoll.
The gnoll is severely wounded.
You feel sick. The gnoll hits you but does no damage.
The gnoll sergeant hits you from afar with a +0 spear of venom.
* * * LOW HITPOINT WARNING * * *
You are lethally poisoned!
The gnoll hits you but does no damage.
Fire: b) +0 shortbow
Press: ? - help, Q - select action, (/) - cycle Shift-Dir - straight line, f/p - gnoll sergeant
Aim: a gnoll sergeant, wielding a +0 spear of venom and wearing a +0 ring mail (lightly wounded, 71% to hit)
You shoot an arrow. The arrow hits the gnoll sergeant.
The gnoll sergeant is lightly wounded.
* * * LOW HITPOINT WARNING * * *
You feel very sick.
The gnoll sergeant hits you from afar with a +0 spear of venom.
You die...

~~~.....<...#
..≈~~≈~~....#
...~..≈~~~..#
...>....~≈≈.# #
.........≈..# ..
............# #...
..........## ..?..
..........####gg.~..
#.#####...♣†gg~~~. #
#######.~~~. ... #


You could see a gnoll sergeant and 3 gnolls.

Vanquished Creatures
  A black bear (D:5)
  An ogre (D:4)
  A scorpion (D:4)
  A sleepcap (D:4)
  Jessica (D:3)
  An orc wizard (D:3)
  A gnoll (D:4)
  An adder (D:3)
  A worm (D:3)
  6 dart slugs
  8 orcs
  7 ball pythons
  6 endoplasms
  6 giant cockroaches
  8 goblins
  9 hobgoblins
  2 jackals (D:3)
  A quokka (D:1)
  3 bats
  A frilled lizard (D:1)
  5 kobolds
  4 rats
75 creatures vanquished.

Notes
Turn   | Place    | Note
-------+----------+-------------------------------------------
     0 | D:1      | croobank the Human Hunter began the quest for the Orb.
     0 | D:1      | Reached XP level 1. HP: 16/16 MP: 1/1
   202 | D:1      | Reached XP level 2. HP: 22/22 MP: 2/2
   356 | D:1      | Found Pountym's Book Boutique.
   430 | D:1      | Reached XP level 3. HP: 28/28 MP: 3/3
  1137 | D:3      | Reached XP level 4. HP: 34/34 MP: 4/4
  1429 | D:3      | Gained mutation: Your natural rate of healing is unusually
                  | fast. [potion of mutation]
  1677 | D:3      | Noticed Jessica
  1681 | D:3      | Killed Jessica
  1682 | D:3      | Reached XP level 5. HP: 41/41 MP: 5/5
  1867 | D:4      | Reached XP level 6. HP: 17/47 MP: 6/6
  2000 | D:4      | Found a broken altar of Ashenzari.
  2021 | D:4      | Found a staircase to the Ecumenical Temple.
  2065 | Temple   | Entered the Ecumenical Temple
  2076 | Temple   | Became a worshipper of Hepliaklqana the Forgotten
  2128 | D:4      | Found an iron altar of Okawaru.
  2211 | D:4      | Reached skill level 5 in Ranged Weapons
  2211 | D:4      | Reached skill level 1 in Invocations
  2299 | D:5      | Entered Level 5 of the Dungeon
  2300 | D:5      | Noticed an ice beast
  2342 | D:5      | Noticed a black bear
  2357 | D:5      | Killed a black bear
  2365 | D:5      | HP: 3/72 [gnoll sergeant/+0 spear of venom (4)]
  2366 | D:5      | HP: 1/72 [poisoned by a gnoll sergeant]
  2366 | D:5      | Slain by a gnoll sergeant

Illustrated notes

Levels and vault maps discovered:
D:1:      dpeg_arrival_short_road, layout_basic, serial_shops, shop,
          minmay_bisected
D:2:      layout_basic
D:3:      layout_basic, dreamdust_wishing_well, uniq_jessica
D:4:      layout_gridville, okawaru_altar_gauntlet_db, lemuel_doored_altar,
          minmay_temple_entry_junction
D:5:      layout_rooms, serial_rivers, chequers_serial_rivers_small_a,
          chequers_serial_rivers_micro_c, chequers_serial_rivers_room_a,
          chequers_serial_rivers_room_b, chequers_serial_rivers_room_a
Temple:   bh_familiar_temple

Skill      XL: |  1  2  3  4  5  6 |
---------------+-------------------+-----
Stealth        | 2 3 |  3.6
Fighting       | 3 |  3.8
Dodging        | 3 |  3.8
Ranged Weapons | 5 |  5.2
Invocations    | 1 |  1.4

Action                     |  1- 3 |  4- 6 || total
---------------------------+-------+-------++-------
  Melee: Short sword       |       |     2 ||     2
   Fire: Shortbow          |   104 |   161 ||   265
    Use: Potion            |       |     7 ||     7
         Scroll            |       |     1 ||     1
 Armour: Leather armour    |    16 |    70 ||    86
         Skin              |       |    47 ||    47
  Dodge: Dodged            |    13 |    69 ||    82

Table legend: (Time is in decaauts)
 A = Elapsed time spent in this place.
 B = Non-inter-level travel time spent in this place.
 C = Inter-level travel time spent in this place.
 D = Time resting spent in this place.
 E = Time spent auto-exploring this place.
 F = Levels seen in this place.
 G = Mean time per level.
                   A        B        C        D        E       F      G
               +--------+--------+--------+--------+--------+-----+--------+
         Total |   2422 |   2321 |    101 |     73 |   1703 |   6 |  403.7 |
       Dungeon |   2400 |   2320 |     80 |     73 |   1703 |   5 |  480.0 |
        Temple |     21 |      1 |     20 |      0 |      0 |   1 |   21.0 |
               +--------+--------+--------+--------+--------+-----+--------+

Top non-repeatable levels by time:
     D:3: 770 daAuts
     D:1: 722 daAuts
     D:4: 470 daAuts
     D:2: 368 daAuts
     D:5: 68 daAuts
  Temple: 21 daAuts
